 Dungeon Crawl Stone Soup version 0.30-a0-394-g3e4acdb0ae (webtiles) character file.

Game seed: 5643040201870758080

2004 NinjaNoafa the Shield-Bearer (level 9, -6/69 HPs)
             Began as a Merfolk Gladiator on Dec 6, 2022.
             Mangled by an orc warrior
             ... wielding a +0 broad axe
              (20 damage)
             ... on level 7 of the Dungeon.
             The game lasted 00:13:27 (7436 turns).

NinjaNoafa the Shield-Bearer (Merfolk Gladiator)    Turns: 7436, Time: 00:13:27

Health: -6/69      AC:  3    Str: 16    XL:     9   Next: 22%
Magic:  9/9        EV: 16    Int: 11    God:
Gold:   248        SH: 15    Dex: 17    Spells: 8/8 levels left

rFire   . . .      SeeInvis +    A - +3 falchion (freeze)
rCold   + . .      Faith    .    a - +0 tower shield
rNeg    . . .      Spirit   .    n - +0 robe {rC+}
rPois   .          Reflect  .    (helmet restricted)
rElec   .          Harm     .    (no cloak)
rCorr   .          Rampage  .    g - +0 pair of gloves
Will    .....      Clarity  +    (no boots)
Stlth   ++........               (no amulet)
HPRegen 0.31/turn                u - ring "Ocoicent" {EV+4 Str+3 Int+4 Dex-2}
MPRegen 0.11/turn                (no ring)

@: no status effects
A: (nimble swimmer 2), mertail, antennae 1, see invisible, clarity, weak 1
a: no special abilities


You were on level 7 of the Dungeon.
You visited 1 branch of the dungeon, and saw 7 of its levels.
You also visited: Ossuary.

You collected 311 gold pieces.
You spent 63 gold pieces at shops.

Inventory:

Hand Weapons
 b - a +2 short sword of flaming
 A - a +3 falchion of freezing (weapon)
Missiles
 d - 2 throwing nets
 j - 66 stones
 B - 12 poisoned darts (quivered)
Armour
 a - a +0 tower shield (worn)
 g - a +0 pair of gloves (worn)
 n - a +0 robe of cold resistance (worn)
Jewellery
 u - the ring "Ocoicent" (left hand) {EV+4 Str+3 Int+4 Dex-2}
   (You found it on level 2 of the Dungeon)

   [ring of evasion]

   EV:        It affects your evasion (+4).
   Str:       It affects your strength (+3).
   Int:       It affects your intelligence (+4).
   Dex:       It affects your dexterity (-2).
Scrolls
 h - 4 scrolls of amnesia
 i - 3 scrolls of vulnerability
 k - a scroll of silence {unknown}
 l - a scroll of summoning {unknown}
 m - 7 scrolls of teleportation
 o - a scroll of torment {unknown}
 p - 2 scrolls of immolation {unknown}
 q - 5 scrolls of noise
 r - 2 scrolls of blinking {unknown}
 t - 3 scrolls of poison
 w - a scroll of butterflies {unknown}
 y - 2 scrolls of fear {unknown}
 z - 4 scrolls of magic mapping {unknown}
Potions
 c - 2 potions of cancellation
 e - 3 potions of might
 f - a potion of curing
 s - a potion of ambrosia
 v - a potion of flight
 x - 2 potions of magic
 C - a potion of attraction
 D - a potion of lignification


   Skills:
 - Level 6.2 Fighting
 - Level 6.0(6.7) Short Blades
 - Level 4.5(6.0) Long Blades
 - Level 2.0 Throwing
 - Level 3.0 Armour
 - Level 6.3 Dodging
 + Level 6.6 Shields


You had 8 spell levels left.
You didn't know any spells.
Your spell library contained the following spells:

 Spells                   Type           Power      Damage    Failure   Level
 Freeze                   Ice            0%         1d3       97%         1
 Summon Small Mammal      Summ           0%         N/A       97%         1
 Call Canine Familiar     Summ           0%         N/A       100%        3
 Frozen Ramparts          Ice            0%         1d1       100%        3
 Hailstorm                Conj/Ice       0%         3d3       100%        3
 Inner Flame              Hex/Fire       0%         N/A       100%        3
 Summon Guardian Golem    Hex/Summ       0%         N/A       100%        3
 Cause Fear               Hex            0%         N/A       100%        4
 Iskenderun's Battlesphe  Conj           0%         2d6       100%        5
 Iron Shot                Conj/Erth      0%         9d1       100%        6
 Spellforged Servitor     Conj/Summ      0%         N/A       100%        7
 Discord                  Hex            0%         N/A       100%        8


Dungeon Overview and Level Annotations

Branches:
Dungeon (7/15)            Ossuary (visited)
 Temple: D:4-7

Altars:

Shops:
D:6 *:


Innate Abilities, Weirdness & Mutations

((You are very nimble when in or above water. (Stealth+, EV+, Speed+++)))
Your lower body shifts to a powerful aquatic tail in water.
You have a pair of small antennae on your head.
You have supernaturally acute eyesight. (SInv)
You possess an exceptional clarity of mind.
You are weak. (Str -2)


Message History

You slash the orc wizard! You freeze the orc wizard.
You kill the orc wizard!
You slash the orc! You freeze the orc.
You kill the orc!
You hit the orc warrior but do no damage.
You block the orc warrior's attack.
You closely miss the orc warrior. You block the orc warrior's attack. x2
You slash the orc warrior! You freeze the orc warrior.
The orc warrior is moderately wounded.
You block the orc warrior's attack.
You barely miss the orc warrior.
The orc warrior is moderately wounded.
You block the orc warrior's attack.
You hit the orc warrior but do no damage.
The orc warrior is moderately wounded.
The orc warrior hits you with a +0 broad axe!!
The orc warrior hits you with a +0 broad axe!
You closely miss the orc warrior.
The orc warrior is moderately wounded.
The orc warrior hits you with a +0 broad axe!
You hit the orc warrior but do no damage.
The orc warrior is moderately wounded.
You block the orc warrior's attack.
You hit the orc warrior. You freeze the orc warrior.
The orc warrior is heavily wounded.
The orc warrior hits you with a +0 broad axe!!
* * * LOW HITPOINT WARNING * * *
The orc warrior misses you.
The orc warrior attacks as you move away!
The orc warrior closely misses you.
The orc warrior attacks as you move away!
You block the orc warrior's attack.
The orc warrior attacks as you move away!
The orc warrior closely misses you.
Okay, then.
The orc warrior attacks as you move away!
You block the orc warrior's attack.
The orc warrior attacks as you move away!
The orc warrior hits you with a +0 broad axe!!
You die...

#.#.#.# #.#.#.# #####
#...#.# #...# #.....#
#...# #.##### #...#
#)#### +...+ #))))#
###...#############)##
......)...o..o.o@....#
.###############.....#
#.###.# #.# #.#
#.###.# #.....#
#######


You could see an orc warrior and 2 orcs.

Vanquished Creatures
  Pikel (D:5)
  Sigmund (D:4)
  An ice beast (D:6)
  A centaur (D:6)
  2 phantoms
  2 necrophages
  A water moccasin zombie (Ossuary)
  4 wights (D:6)
  A jelly (D:5)
  4 hounds
  3 iguanas
  Ijyb (D:4)
  6 orc wizards
  2 mummies (Ossuary)
  8 gnolls
  5 adders
  A shadow imp (D:5)
  2 white imps
  An ufetubus (D:5)
  3 adder zombies (Ossuary)
  A dart slug (D:1)
  19 orcs
  3 ball pythons
  5 bats
  5 endoplasms
  4 giant cockroaches
  4 gnoll zombies (Ossuary)
  4 hobgoblins
  3 jackals
  2 quokkas
  2 frilled lizards (D:1)
  7 goblins
  2 hobgoblin zombies (Ossuary)
  6 kobolds
  6 kobold zombies (Ossuary)
  5 orc zombies (Ossuary)
  6 rats
  2 rat zombies (D:4)
136 creatures vanquished.

Vanquished Creatures (others)
  A hobgoblin (D:4)
1 creature vanquished.

Grand Total: 137 creatures vanquished

Notes
Turn   | Place    | Note
-------+----------+-------------------------------------------
     0 | D:1      | NinjaNoafa the Merfolk Gladiator began the quest for the
                  | Orb.
     0 | D:1      | Reached XP level 1. HP: 16/16 MP: 1/1
   172 | D:1      | Reached XP level 2. HP: 17/23 MP: 2/2
   799 | D:1      | Reached XP level 3. HP: 26/28 MP: 3/3
  1151 | D:2      | Identified the ring "Ocoicent" {EV+4 Str+3 Int+4 Dex-2}
  1543 | D:2      | Reached XP level 4. HP: 35/35 MP: 4/4
  1790 | D:3      | Reached skill level 5 in Dodging
  2056 | D:2      | Gained mutation: You have a pair of small antennae on your
                  | head. [potion of mutation]
  2056 | D:2      | Gained mutation: You are weak. (Str -2) [potion of
                  | mutation]
  2056 | D:2      | Gained mutation: You possess an exceptional clarity of
                  | mind. [potion of mutation]
  2056 | D:2      | Gained mutation: You have supernaturally acute eyesight.
                  | (SInv) [potion of mutation]
  2084 | D:2      | Reached skill level 5 in Short Blades
  2217 | D:3      | Reached XP level 5. HP: 36/42 MP: 5/5
  2929 | D:4      | Noticed Ijyb
  2931 | D:4      | Found a sand-covered staircase.
  2976 | D:4      | Killed Ijyb
  2980 | Ossuary  | Entered an ossuary
  3042 | Ossuary  | Reached skill level 5 in Fighting
  3103 | Ossuary  | Reached skill level 1 in Armour
  3103 | Ossuary  | Reached XP level 6. HP: 21/51 MP: 6/6
  3673 | D:4      | Noticed Sigmund
  4280 | D:4      | Killed Sigmund
  4281 | D:4      | Reached XP level 7. HP: 37/56 MP: 7/7
  4516 | D:5      | Entered Level 5 of the Dungeon
  5004 | D:6      | Reached XP level 8. HP: 18/64 MP: 8/8
  5335 | D:6      | Found Nuliwkot's Mass Market.
  5344 | D:6      | Bought a +0 tower shield for 63 gold pieces
  5360 | D:6      | Reached skill level 1 in Long Blades
  5423 | D:5      | Reached skill level 1 in Shields
  6461 | D:6      | Found Koll's Book Boutique.
  6594 | D:6      | Noticed Pikel
  7015 | D:5      | Killed Pikel
  7016 | D:5      | Reached XP level 9. HP: 24/69 MP: 9/9
  7436 | D:7      | Mangled by an orc warrior

Illustrated notes

Levels and vault maps discovered:
D:1:      dpeg_arrival_solitude, layout_loops_ring
D:2:      layout_basic
D:3:      layout_rooms, minivault_24
D:4:      layout_rooms, enter_ossuary_4, uniq_sigmund, uniq_ijyb
D:5:      layout_basic
D:6:      layout_basic, serial_shops, nicolae_shop_behind_doors,
          minmay_shop_mass, uniq_pikel
D:7:      layout_basic, minmay_temple_entry_gardened_gates,
          gammafunk_ghost_nasty_kobolds, kennysheep_generic_room_11

Skill      XL: |  1  2  3  4  5  6  7  8 |
---------------+-------------------------+-----
Short Blades   | 4 5 6 |  6.0
Fighting       | 3 5 6 |  6.2
Dodging        | 5 6 |  6.3
Armour         | 1 3 |  3.0
Long Blades    | 4 |  4.5
Shields        | 6 |  6.6
Throwing       | |  2.0

Action                   |  1- 3 |  4- 6 |  7- 9 || total
-------------------------+-------+-------+-------++-------
Melee: Rapier            |   126 |   358 |       ||   484
       Punch             |     3 |     8 |     2 ||    13
       Short sword       |       |       |    51 ||    51
       Falchion          |       |       |   136 ||   136
Throw: Dart              |     3 |    24 |     7 ||    34
       Javelin           |     1 |       |       ||     1
       Throwing net      |       |     4 |     3 ||     7
  Use: Potion            |       |     7 |     7 ||    14
       Scroll            |       |     1 |     9 ||    10
 Stab: Sleeping          |     1 |       |     1 ||     2
       Invisible         |       |     3 |       ||     3
       Held in net/web   |       |     2 |     1 ||     3
Armor: Leather armour    |    47 |    61 |       ||   108
       Robe              |       |       |    13 ||    13
Dodge: Dodged            |   122 |   274 |   135 ||   531
Block: Tower shield      |       |       |   120 ||   120

Table legend: (Time is in decaauts)
 A = Elapsed time spent in this place.
 B = Non-inter-level travel time spent in this place.
 C = Inter-level travel time spent in this place.
 D = Time resting spent in this place.
 E = Time spent auto-exploring this place.
 F = Levels seen in this place.
 G = Mean time per level.
                   A        B        C        D        E       F      G
               +--------+--------+--------+--------+--------+-----+--------+
         Total |   7452 |   7029 |    423 |    646 |   4715 |   8 |  931.5 |
       Dungeon |   6932 |   6509 |    423 |    626 |   4440 |   7 |  990.3 |
       Ossuary |    519 |    519 |      0 |     20 |    275 |   1 |  519.0 |
               +--------+--------+--------+--------+--------+-----+--------+

Top non-repeatable levels by time:
     D:5: 1489 daAuts
     D:2: 1259 daAuts
     D:6: 1177 daAuts
     D:4: 994 daAuts
     D:3: 983 daAuts
     D:1: 780 daAuts
 Ossuary: 519 daAuts
     D:7: 246 daAuts
